 Dungeon Crawl Stone Soup version 0.20.1-1-g8b1a95d (webtiles) character file.

385 Jannitor the Ducker (level 6, -1/38 HPs)
             Began as a Deep Elf Chaos Knight on Sept 12, 2017.
             Slain by an ogre
             ... wielding a +0 giant club
              (14 damage)
             ... on level 5 of the Dungeon.
             The game lasted 00:08:32 (3953 turns).

Jannitor the Ducker (Deep Elf Chaos Knight)         Turns: 3953, Time: 00:08:36

Health: -1/38      AC:  8    Str: 11    XL:     6   Next: 48%
Magic:  8/8        EV: 14    Int: 17    God:    Xom [..*...]
Gold:   119        SH:  0    Dex: 14    Spells: 3/5 levels left

rFire    + . .     SeeInvis +   a - +0 falchion (chaos)
rCold    . . .     Gourm    .   (no shield)
rNeg     . . .     Faith    .   b - +2 leather armour
rPois    .         Spirit   .   (no helmet)
rElec    .         Reflect  .   j - +0 cloak
rCorr    .         Harm     .   s - +0 pair of gloves
MR       .....                  p - +0 pair of boots
Stlth    +.........             (no amulet)
Regen    0.2/turn               i - ring of see invisible
MPRegen  0.2/turn               (no ring)

@: no status effects
A: fire resistance 1, wild magic 1, MP-powered wands
a: Renounce Religion


You were on level 5 of the Dungeon.
You worshipped Xom.
You were a toy of Xom.
You were very hungry.

You visited 1 branch of the dungeon, and saw 6 of its levels.

You collected 198 gold pieces.
You spent 79 gold pieces at shops.

Inventory:

Hand Weapons
 a - a +0 falchion of chaos (weapon)
Armour
 b - a +2 leather armour (worn)
 j - a +0 cloak (worn)
 p - a +0 pair of boots (worn)
 s - a +0 pair of gloves (worn)
Jewellery
 i - a ring of see invisible (left hand)
 l - an uncursed amulet of rage {unknown}
 r - an uncursed ring of flight {unknown}
Wands
 x - a wand of confusion (19/48)
Scrolls
 d - 5 scrolls of identify {unknown}
 e - a scroll of immolation {unknown}
 g - 2 scrolls of teleportation {unknown}
 h - a scroll of fear {unknown}
 k - a scroll of magic mapping {unknown}
 m - 2 scrolls of enchant armour {unknown}
 n - a scroll of random uselessness {unknown}
 t - a scroll of enchant weapon {unknown}
 y - a scroll of remove curse {unknown}
Potions
 f - 3 potions of curing
 u - a potion of mutation
Books
 o - Xeish's Almanac of Assistive Lightness
   (Xom gifted it to you on level 3 of the Dungeon)

   Spells                             Type                      Level
   a - Swiftness                      Charms/Air                   2
   b - Mephitic Cloud                 Conjuration/Poison/Air       3
   c - Deflect Missiles               Charms/Air                   6
   d - Conjure Ball Lightning         Conjuration/Air              6
   e - Freezing Cloud                 Conjuration/Ice/Air          6
Comestibles
 c - 2 bread rations
 w - a royal jelly
 z - 2 fruits


   Skills:
 + Level 3.8 Fighting
 + Level 4.4 Long Blades
 - Level 0.8 Armour
 + Level 4.5 Dodging
 + Level 2.0 Air Magic


You had 3 spell levels left.
You knew the following spells:

 Your Spells              Type           Power        Failure   Level  Hunger
a - Swiftness             Chrm/Air       #.......     38%         2    ###....


Dungeon Overview and Level Annotations

Branches:
Dungeon (6/15)
 Temple: D:4-7

Altars:
Cheibriados
Makhleb
Qazlal
Xom
Zin

Shops:
D:5 *%!?

Annotations:
D:6 Eustachio


Innate Abilities, Weirdness & Mutations

Your flesh is heat resistant. (rF+)
Your spells are a little harder to cast, but a little more powerful.
You expend magic power (3 MP) to strengthen your wands.


Message History

The ogre hits you with a giant club!!
Ouch! That really hurt!
* * * LOW HITPOINT WARNING * * *
The ogre closely misses you.
It was a potion of mutation.
You feel extremely strange.
You feel resistant to heat.
You feel your magical essence link to your wands.
You feel less in control of your magic.
Xom roars with laughter!
The ogre closely misses you.
It was a potion of ambrosia.
You are confused.
You feel invigorated. The ogre closely misses you.
It was a potion of cancellation.
Your magical effects are unravelling.
You feel magically purged.
You feel less invigorated.
You feel less confused. The ogre hits you with a giant club!
You die...
Xom titters!

............#
##.....#.##########
##.#.#..###......#
%#..........##..#
##.............####
#..##..............
..# ##.#.#.........
. #.....##.(..∩.
#..#.#@(.......
.......O<.......
##.
.####.∩.#.......
... ...............
....$#.........
#...
....#?##........
.... ......
........ #...
...... ........
.... #. .......


You could see an ogre (berserk).

Vanquished Creatures
  A howler monkey (D:4)
  A centaur skeleton (D:5)
  3 hounds (D:4)
  A worker ant (D:5)
  An iguana (D:4)
  An orc wizard (D:3)
  A gnoll (D:3)
  3 adders
  6 worms
  2 dart slugs
  A leopard gecko (D:2)
  6 orcs
  4 giant cockroaches
  9 goblins
  3 hobgoblins
  12 jackals
  10 kobolds
  A ball python (D:4)
  6 bats
  13 frilled lizards
  A kobold (shapeshifter) (D:4)
  8 rats
94 creatures vanquished.

Vanquished Creatures (collateral kills)
  An adder (D:2)
  2 jackals (D:2)
3 creatures vanquished.

Grand Total: 97 creatures vanquished

Notes
Turn   | Place    | Note
-------+----------+-------------------------------------------
     0 | D:1      | Jannitor the Deep Elf Chaos Knight began the quest for the Orb.
     0 | D:1      | Reached XP level 1. HP: 13/13 MP: 3/3
    61 | D:1      | XOM: harmless Ice miscast
   157 | D:1      | Reached XP level 2. HP: 15/18 MP: 4/4
   342 | D:1      | XOM: scenery: create altars
   776 | D:2      | XOM: cast spell 'Summon Dragon'
   781 | D:2      | Reached XP level 3. HP: 21/22 MP: 5/5
   806 | D:3      | XOM: stealth player
  1379 | D:2      | Reached XP level 4. HP: 27/28 MP: 6/6
  1950 | D:3      | Found a snail-covered altar of Cheibriados.
  2242 | D:3      | Identified Xeish's Almanac of Assistive Lightness (Xom gifted it to you on level 3 of the Dungeon)
  2242 | D:3      | XOM: god gift: Xeish's Almanac of Assistive Lightness
  2247 | D:3      | Learned a level 2 spell: Swiftness
  2300 | D:3      | Reached XP level 5. HP: 32/32 MP: 7/7
  2306 | D:3      | You fall through a shaft for 3 floors!
  2348 | D:6      | Noticed Eustachio
  2355 | D:5      | Entered Level 5 of the Dungeon
  2535 | D:5      | Found Taliv's Assorted Antiques.
  2538 | D:5      | Bought a scroll labeled RADANE GUOZ for 17 gold pieces
  2538 | D:5      | Bought a scroll labeled PUEBRO AMUNAT for 17 gold pieces
  2538 | D:5      | Bought 2 dark potions for 30 gold pieces
  2538 | D:5      | Bought a viscous silvery potion for 15 gold pieces
  2549 | D:5      | Found Efremat's Food Shoppe.
  2591 | D:4      | Reached skill level 1 in Air Magic
  2783 | D:4      | Reached XP level 6. HP: 36/37 MP: 8/8
  2872 | D:3      | Noticed a blizzard demon
  2873 | D:3      | Found a burning altar of Makhleb.
  2876 | D:3      | Found a glowing silver altar of Zin.
  2876 | D:3      | Noticed an angel
  3407 | D:4      | XOM: silly message
  3574 | D:4      | XOM: god gift: 37 gold pieces
  3671 | D:4      | Found a stormy altar of Qazlal.
  3744 | D:5      | Found Orohuic's Distillery.
  3744 | D:5      | Found Ymeocsoisk's Magic Scroll Boutique.
  3941 | D:5      | XOM: enchant monster (good)
  3951 | D:5      | Gained mutation: Your flesh is heat resistant. (rF+) [potion of mutation]
  3951 | D:5      | Gained mutation: You expend magic power (3 MP) to strengthen your wands. [potion of mutation]
  3951 | D:5      | Gained mutation: Your spells are a little harder to cast, but a little more powerful. [potion of mutation]
  3953 | D:5      | Slain by an ogre

Skill      XL: |  1  2  3  4  5  6 |
---------------+-------------------+-----
Long Blades    | 3 4 |  4.4
Fighting       | 3 |  3.8
Dodging        | 3 4 |  4.5
Air Magic      | 1 2 |  2.0
Armour         | |  0.8

Action                   |  1- 3 |  4- 6 || total
-------------------------+-------+-------++-------
Melee: Falchion          |   100 |   242 ||   342
Evoke: Wand              |       |     3 ||     3
  Use: Potion            |       |     5 ||     5
 Stab: Sleeping          |     2 |       ||     2
       Confused          |     1 |     3 ||     4
       Paralysed         |       |     3 ||     3
       Petrified         |       |     2 ||     2
       Petrifying        |       |     1 ||     1
  Eat: Chunk             |     2 |     7 ||     9
Armor: Leather armour    |    42 |    68 ||   110
Dodge: Dodged            |    83 |   169 ||   252
       Rpst.: Falchion   |    32 |    61 ||    93
